 Dungeon Crawl Stone Soup version 0.29-a0-559-g359e09b9d1 (webtiles) character file.

Game seed: 5027969446866673142

9 Hubjo the Insei (level 2, 0/21 HPs)
             Began as a Demonspawn Transmuter on June 10, 2022.
             Slain by a hobgoblin (1 damage)
             ... on level 1 of the Dungeon.
             The game lasted 00:00:18 (381 turns).

Hubjo the Insei (Demonspawn Transmuter)              Turns: 381, Time: 00:00:18

Health: 0/21       AC:  2    Str: 10    XL:     2   Next: 3%
Magic:  5/5        EV: 12    Int: 14    God:
Gold:   43         SH:  0    Dex: 13    Spells: 4/5 levels left

rFire   . . .      SeeInvis .     - Unarmed
rCold   . . .      Faith    .   (no shield)
rNeg    . . .      Spirit   .   a - +0 robe
rPois   .          Reflect  .   (no helmet)
rElec   .          Harm     .   (no cloak)
rCorr   .          Rampage  .   (no gloves)
Will    .....                   (no boots)
Stlth   +.........              (no amulet)
HPRegen 0.07/turn               (no ring)
MPRegen 0.09/turn               (no ring)

@: no status effects
A: hooves 1
a: no special abilities


You were on level 1 of the Dungeon.
You visited 1 branch of the dungeon, and saw 1 of its levels.

You collected 43 gold pieces.

Inventory:

Armour
 a - a +0 robe (worn)
Scrolls
 d - a scroll of noise {unknown}
 e - a scroll of identify {unknown}
Potions
 b - a potion of lignification
 c - a potion of attraction {unknown}
 f - a potion of flight {unknown}


   Skills:
 * Level 1.3 Fighting
 - Level 1.7 Dodging
 + Level 0.4 Stealth
 + Level 2.8 Unarmed Combat
 + Level 2.1 Spellcasting
 + Level 1.9 Transmutations


You had 4 spell levels left.
You knew the following spells:

 Your Spells              Type           Power      Damage    Failure   Level
a - Beastly Appendage     Tmut           12%        N/A       11%         1

Your spell library contained the following spells:

 Spells                   Type           Power      Damage    Failure   Level
 Wereblood                Tmut           6%         N/A       16%         2
 Spider Form              Tmut/Pois      4%         N/A       43%         3
 Ice Form                 Ice/Tmut       4%         N/A       83%         4


Dungeon Overview and Level Annotations

Branches:
Dungeon (1/15)

Altars:


Innate Abilities, Weirdness & Mutations

You have large cloven feet.


Message History

Your transformation is almost over.
The bat closely misses you. The bat hits you but does no damage. x2
The bat barely misses you. The hobgoblin completely misses you.
The bat barely misses you. The hobgoblin barely misses you.
The bat barely misses you. The hobgoblin hits you. The bat closely misses you.
The hobgoblin barely misses you. The bat hits you but does no damage.
The hobgoblin misses you. The bat misses you. The bat closely misses you.
The hobgoblin hits you. The bat barely misses you.
The bat hits you but does no damage.
The hobgoblin hits you but does no damage.
Your horns disappear.
The bat barely misses you. The bat hits you. The hobgoblin barely misses you.
The bat closely misses you. The bat misses you. The hobgoblin misses you.
The bat hits you but does no damage.
The hobgoblin hits you but does no damage.
The bat hits you but does no damage. The hobgoblin barely misses you.
The bat closely misses you. The hobgoblin closely misses you.
The bat barely misses you. The bat hits you. The hobgoblin barely misses you.
The hobgoblin hits you. The bat barely misses you.
The bat hits you but does no damage. The hobgoblin closely misses you.
The bat barely misses you. x2; The hobgoblin hits you.
The bat closely misses you. The hobgoblin hits you.
The bat hits you but does no damage. The hobgoblin barely misses you.
The bat hits you but does no damage. The hobgoblin barely misses you.
The bat hits you. The hobgoblin closely misses you. The bat barely misses you.
The hobgoblin closely misses you. The hobgoblin hits you.
* * * LOW HITPOINT WARNING * * *
The bat hits you.
* * * LOW HITPOINT WARNING * * *
The bat hits you but does no damage. The bat closely misses you.
The hobgoblin barely misses you. The bat hits you but does no damage.
The hobgoblin barely misses you. The bat hits you.
* * * LOW HITPOINT WARNING * * *
The hobgoblin hits you.
You die...

###....#.........###
#.###....###.#####.#....
#.............#.........
#####.######..##.#.#....
######.........#
#..#.#..##
#.......##.###.# #.
#.#.#.# #..(....'b.....#
#. #+#.##.
#.......##.#####..#....†.#
#
#.......##.@g.....#......#
#.......##..#...#.##.....#
##########..# ...........#
#..# ...######.# #..# ...
#.. #..# .. ### #..# .
#..#


You could see a hobgoblin and a bat.

Vanquished Creatures
  A dart slug (D:1)
  An endoplasm (D:1)
  2 goblins (D:1)
  2 frilled lizards (D:1)
  A rat (D:1)
7 creatures vanquished.

Notes
Turn   | Place    | Note
-------+----------+-------------------------------------------
     0 | D:1      | Hubjo the Demonspawn Transmuter began the quest for the
                  | Orb.
     0 | D:1      | Reached XP level 1. HP: 15/15 MP: 3/3
   355 | D:1      | Discovered your monstrous ancestry.
   355 | D:1      | Lost mutation: You have razor-sharp toenails. [demonic
                  | ancestry]
   355 | D:1      | Lost mutation: You have sharp toenails. [demonic ancestry]
   355 | D:1      | Gained mutation: You have large cloven feet. [demonic
                  | ancestry]
   355 | D:1      | Reached XP level 2. HP: 21/21 MP: 3/5
   381 | D:1      | HP: 1/21 [bat (1)]
   381 | D:1      | Slain by a hobgoblin

Illustrated notes

Levels and vault maps discovered:
D:1:      dpeg_arrival_radiant, layout_basic,
          shapermc_ecumenical_altar_rom_forum, minmay_pentomino_w2

Action                   || total
-------------------------++-------
Melee: Unarmed           ||    16
       Kick              ||     2
 Cast: Beastly Appendage ||     4
Armor: Robe              ||    16
Dodge: Dodged            ||    44

Table legend: (Time is in decaauts)
 A = Elapsed time spent in this place.
 B = Non-inter-level travel time spent in this place.
 C = Inter-level travel time spent in this place.
 D = Time resting spent in this place.
 E = Time spent auto-exploring this place.
 F = Levels seen in this place.
 G = Mean time per level.
                   A        B        C        D        E       F      G
               +--------+--------+--------+--------+--------+-----+--------+
         Total |    380 |    380 |      0 |      0 |    300 |   1 |  380.0 |
       Dungeon |    380 |    380 |      0 |      0 |    300 |   1 |  380.0 |
               +--------+--------+--------+--------+--------+-----+--------+

Top non-repeatable levels by time:
     D:1: 380 daAuts
